 Dungeon Crawl Stone Soup version 0.28-a0-245-g639a1a48b9 (webtiles) character file.

Game seed: 6796952734774806999

144645 Spaninq the Alchemist (level 16, -1/211 HPs)
             Began as a Pale Draconian Transmuter on Aug 24, 2021.
             Was a High Priest of Sif Muna.
             Hit by a silver boomerang thrown by a merfolk (10 damage)
             ... on level 3 of the Shoals.
             The game lasted 02:58:47 (31728 turns).

Spaninq the Alchemist (Pale Draconian Transmuter)  Turns: 31728, Time: 02:58:49

Health: -1/211     AC: 19    Str: 31    XL:     16   Next: 85%
Magic:  4/27       EV: 11    Int: 18    God:    Sif Muna [*****.]
Gold:   1283       SH:  0    Dex: 18    Spells: 5/36 levels left

rFire   . . .      SeeInvis +     - Unarmed
rCold   + . .      Faith    .   (shield currently unavailable)
rNeg    . . .      Spirit   .   (armour unavailable)
rPois   +          Reflect  .   (helmet currently unavailable)
rElec   .          Harm     .   (cloak currently unavailable)
rCorr   .          Rampage  .   (gloves currently unavailable)
Will    +....                   (boots currently unavailable)
Stlth   ++........              H - amulet of regeneration
HPRegen 0.00/turn               L - ring of protection from cold
MPRegen 0.20/turn               R - ring "Hily" {rPois Str+6 Int-2 Dex+6 SInv}

@: about to teleport, dragon-form, wereblooded, flying, very slightly
contaminated, inhibited regen
A: dragon claw, dragon scales, flying, boosted hp, breathe steam, AC +9, giant,
unfitting armour, (cold-blooded), steam resistance, clever 1, low mp 1,
inhibited regeneration, subdued magic 1, noise suppression
a: Breathe Steam, End Transformation, Renounce Religion, Channel Magic, Forget
Spell, Divine Exegesis


You were on level 3 of the Shoals.
You worshipped Sif Muna.
Sif Muna was extremely pleased with you.
You were a fearsome steam dragon!
You visited 5 branches of the dungeon, and saw 27 of its levels.
You visited the Abyss 1 time.
You also visited: Ossuary, Bailey and Ice Cave.

You collected 3334 gold pieces.
You spent 2051 gold pieces at shops.

Inventory:

Hand Weapons
 d - the +2 Maxwell's thermic engine {flame, freeze}
   (You found it in an ice cave)

   It burns those it strikes, dealing additional fire damage.
   Big, fiery blades are also staple armaments of hydra-hunters.
   It freezes those it strikes, dealing additional cold damage.
   It can also slow down cold-blooded creatures.
   It becomes more effective when it hits something.
   This effect fades over time.
 B - the +7 lajatang of Order {silver, rMut}
   (You took it off a kobold in a bailey)

   It inflicts extra damage upon those it strikes, and deals substantially
   increased damage to chaotic, mutated and magically transformed beings.
   rMut:      It protects you from mutation.
Missiles
 A - 75 boomerangs
Armour
 h - a +0 buckler (melded)
 t - a +1 cloak
 u - a scarf of repulsion
 w - a scarf of resistance (melded)
 J - a +1 tower shield of cold resistance
 O - a +2 tower shield
Magical Staves
 K - a staff of earth
Jewellery
 a - a ring of protection from cold
 f - a ring of fire
 i - a ring of flight
 E - a ring of magical power
 H - an amulet of regeneration (around neck)
 L - a ring of protection from cold (left foreclaw)
 R - the ring "Hily" (right foreclaw) {rPois Str+6 Int-2 Dex+6 SInv}
   (You bought it in a shop on level 2 of the Orcish Mines)

   [ring of strength]

   Str:       It affects your strength (+6).
   Int:       It affects your intelligence (-2).
   Dex:       It affects your dexterity (+6).
   rPois:     It protects you from poison.
   SInv:      It lets you see invisible.
 U - an amulet of faith
 V - a +6 ring of strength
 Y - a ring of positive energy
Wands
 c - a wand of flame (50)
 j - a wand of paralysis (19)
 x - a wand of acid (34)
 y - a wand of mindburst (28)
 z - a wand of iceblast (51)
 Q - a wand of polymorph (9)
 W - a wand of digging (13)
Scrolls
 e - 3 scrolls of amnesia
 o - 3 scrolls of enchant armour
 p - 8 scrolls of teleportation
 s - a scroll of holy word
 v - 2 scrolls of brand weapon
 F - a scroll of summoning
 G - 3 scrolls of fear
 M - 3 scrolls of fog
 P - 4 scrolls of silence
 X - 5 scrolls of identify
 Z - a scroll of enchant weapon
Potions
 b - 5 potions of brilliance
 g - 5 potions of might
 k - 12 potions of curing
 m - 4 potions of cancellation
 n - 10 potions of flight
 q - 3 potions of resistance
 r - a potion of berserk rage
 D - 5 potions of haste
 S - 2 potions of magic
 T - 2 potions of ambrosia
Miscellaneous
 l - a lightning rod (4/4)


   Skills:
 + Level 12.9 Fighting
 + Level 11.1 Dodging
 - Level 4.0 Shields
 * Level 15.2 Unarmed Combat
 + Level 10.7 Spellcasting
 - Level 6.2 Conjurations
 * Level 15.5 Transmutations
 * Level 4.7 Air Magic


You had 5 spell levels left.
You knew the following spells:

 Your Spells              Type           Power      Damage    Failure   Level
a - Dragon Form           Tmut           25%        N/A       9%          7
b - Wereblood             Tmut           50%        N/A       0%          2
d - Blade Hands           Tmut           25%        N/A       1%          5
e - Irradiate             Conj/Tmut      18%        3d19      1%          5
f - Storm Form            Tmut/Air       17%        N/A       65%         7
g - Yara's Violent Unrav  Hex/Tmut       14%        3d7       7%          5

Your spell library contained the following spells:

 Spells                   Type           Power      Damage    Failure   Level
 Beastly Appendage        Tmut           100%       N/A       0%          1
 Shock                    Conj/Air       88%        1d8       1%          1
 Sting                    Tmut/Pois      100%       1d8       1%          1
 Spider Form              Tmut/Pois      14%        N/A       1%          3
 Swiftness                Air            20%        N/A       2%          3
 Ice Form                 Ice/Tmut       28%        N/A       2%          4
 Mephitic Cloud           Conj/Pois/Air  17%        N/A       3%          3
 Dazzling Flash           Conj/Hex       32%        N/A       4%          3
 Stone Arrow              Conj/Erth      32%        3d9       4%          3
 Freeze                   Ice            28%        1d5       6%          1
 Ensorcelled Hibernation  Hex/Ice        14%        N/A       9%          2
 Sublimation of Blood     Necr           3%         N/A       9%          2
 Airstrike                Air            10%        N/A       9%          4
 Hailstorm                Conj/Ice       16%        3d6       17%         4
 Ozocubu's Armour         Ice            7%         N/A       19%         3
 Tukima's Dance           Hex            7%         N/A       19%         3
 Vampiric Draining        Necr           3%         2d6       19%         3
 Lightning Bolt           Conj/Air       11%        1d24      19%         5
 Summon Lightning Spire   Summ/Air       13%        N/A       24%         4
 Freezing Cloud           Conj/Ice/Air   8%         6-21      36%         5
 Dispel Undead            Necr           7%         3d8       54%         4
 Passage of Golubria      Tloc           N/A        N/A       54%         4
 Silence                  Hex/Air        6%         N/A       56%         5
 Bolt of Magma            Conj/Fire/Erth 6%         4d6       61%         5
 Agony                    Necr           7%         N/A       88%         5
 Borgnjor's Vile Clutch   Necr/Erth      3%         N/A       88%         5
 Conjure Ball Lightning   Conj/Air       11%        3x3d6     73%         6
 Dispersal                Tloc           3%         N/A       100%        6
 Simulacrum               Ice/Necr       3%         N/A       100%        6
 Haunt                    Necr/Summ      3%         N/A       100%        7
 Ozocubu's Refrigeration  Ice            3%         4d5       100%        7
 Borgnjor's Revivificati  Necr           3%         N/A       100%        8
 Disjunction              Tloc           3%         N/A       100%        8
 Infestation              Necr           3%         N/A       100%        8
 Maxwell's Capacitive Co  Air            10%        ∞         100%        8
 Necromutation            Tmut/Necr      14%        N/A       100%        8
 Death's Door             Necr           3%         N/A       100%        9
 Shatter                  Erth           3%         3d7*      100%        9


Dungeon Overview and Level Annotations

Branches:
Dungeon (15/15)            Temple (1/1) D:7            Lair (6/6) D:9
 Shoals (3/4) Lair:4        Snake (0/4) Lair:4        Slime (0/5) Lair:5
    Orc (2/2) D:12            Elf (0/3) Orc:2        Vaults (0/5) D:13
 Depths (0/5) D:15        Ossuary (visited)          Bailey (visited)
  IceCv (visited)

Altars:
Ashenzari
Cheibriados
Dithmenos
Elyvilon
Fedhas
Gozag
Hepliaklqana
Kikubaaqudgha
Makhleb
Nemelex Xobeh
Okawaru
Qazlal
Ru
Sif Muna
Trog
Uskayaw
Vehumet
Wu Jian
Xom
Yredelemnul
Zin
The Shining One

Shops:
D:9 !   D:10 [:*!   D:11 [   D:12 (   Orc:2 =[(*   Shoals:3 ?

Portals:
Trove: D:13 (give +4 fire dragon scales)


Innate Abilities, Weirdness & Mutations

You are a fearsome steam dragon!
You have a powerful clawing attack.
Your giant scaled body is strong and resiliant, but less evasive.
Your breath weapon is enhanced in this form.
You are flying.
Your maximum health is greatly increased.
Your armour is entirely melded.
You are incapable of wielding weapons or throwing items.
You can breathe blasts of scalding, opaque steam.
Your pale cyan-grey scales are hard. (AC +9)
You cannot fit into any form of body armour.
((You are cold-blooded and may be slowed by cold attacks.))
You are immune to the effects of steam.
Your mind is acute. (Int +2)
Your magical capacity is low. (-10% MP)
You do not regenerate when monsters are visible.
Your spells are a little easier to cast, but a little less powerful.
You passively dampen the noise of your surroundings.


Message History

The merfolk hits you but does no damage.
The merfolk closely misses you.
The merfolk javelineer throws a silver javelin.
The silver javelin pierces through you!!
* * * LOW HITPOINT WARNING * * *
The silver sears you!
* * * LOW HITPOINT WARNING * * *
The merfolk siren barely misses you.
Blink to where?
Press: ? - help, Dir - move target, p - merfolk javelineer
As you read the scroll of blinking, it crumbles to dust.
You have got your breath back.
The merfolk throws a boomerang.
The boomerang barely misses you.
Okay, then.
As you read the scroll of teleportation, it crumbles to dust.
You feel strangely unstable.
Your surroundings suddenly seem different.
Casting: Wereblood (safe; 0% risk of failure)
Confirm with . or Enter, or press ? or * to list all spells.
You extend your transformation's duration.
The merfolk shouts!
The merfolk throws a silver boomerang.
The silver boomerang hits you.
* * * LOW HITPOINT WARNING * * *
The silver sears you!
* * * LOW HITPOINT WARNING * * *
The merfolk throws a silver boomerang.
The silver boomerang hits you but does no damage.
The silver sears you!
* * * LOW HITPOINT WARNING * * *
The merfolk throws a silver boomerang.
The silver boomerang hits you!
* * * LOW HITPOINT WARNING * * *
The silver sears you!
* * * LOW HITPOINT WARNING * * *
As you read the scroll of teleportation, it crumbles to dust.
You feel strangely unstable.
The merfolk shouts!
The merfolk throws a silver boomerang.
The silver boomerang hits you!
* * * LOW HITPOINT WARNING * * *
The silver sears you!
You die...

≈≈≈≈≈≈≈≈≈≈≈≈≈≈≈≈≈≈≈≈≈≈≈≈≈≈≈
≈≈≈≈≈≈≈≈≈≈≈≈≈≈≈≈≈≈≈≈≈≈≈≈≈≈≈
≈≈≈≈≈≈≈≈≈≈≈≈≈≈≈≈≈≈≈≈≈≈≈≈≈..
≈≈≈≈≈≈≈≈≈≈≈≈≈≈≈≈≈≈≈≈≈≈≈≈.##
≈≈≈≈≈≈≈≈≈≈≈≈≈≈≈≈≈≈≈≈≈≈≈≈..#
≈≈≈≈≈≈≈≈≈≈≈≈≈≈≈≈≈≈≈≈≈≈≈≈≈..
≈≈≈≈≈≈≈≈≈≈≈≈≈≈≈≈≈≈≈≈≈≈≈≈≈..
≈≈≈≈≈≈≈≈≈≈≈≈≈≈≈≈≈≈≈≈≈≈≈≈≈≈.
≈≈≈≈≈≈≈≈≈≈D≈≈≈≈≈≈≈≈≈≈≈≈≈≈≈.
≈≈≈≈≈≈≈≈≈≈≈≈≈≈≈≈≈≈≈≈≈≈≈≈≈≈≈
≈≈≈≈≈≈≈≈≈≈≈≈m≈≈≈≈≈≈≈≈≈≈≈≈≈≈
≈≈≈≈≈≈≈≈≈≈≈≈≈≈≈≈≈≈≈≈≈≈≈≈≈≈≈
≈≈≈≈≈≈≈≈≈≈≈≈≈≈≈≈≈≈≈≈≈≈≈≈≈P≈
≈≈≈≈≈≈≈≈≈≈≈≈≈≈≈≈≈≈≈≈≈≈≈≈≈≈
≈≈≈≈≈≈m≈≈≈≈≈≈≈≈≈≈≈≈≈≈≈≈≈≈
≈≈≈≈m≈≈≈≈≈≈≈≈≈≈≈≈≈≈≈≈≈≈≈
≈≈≈≈≈≈≈≈≈≈


You could see a merfolk javelineer (wandering) and 2 merfolk.

Vanquished Creatures
  Bai Suzhen (Shoals:3)
  Rupert (Orc:2)
  2 tentacled starspawn (Abyss:3)
  Kirke (D:13)
  A frost giant (IceCv)
  A fire giant (D:15)
  An orc warlord (Orc:2)
  A stone giant (D:15)
  Nessos (Lair:5)
  A dire elephant (Lair:6)
  A merfolk javelineer (Shoals:2)
  2 ettins (D:15)
  2 merfolk impalers
  Snorg (Orc:2)
  A yaktaur captain (D:15)
  17 hydras
  4 boulder beetles
  A merfolk avatar (Shoals:3)
  2 alligator snapping turtles
  A catoblepas (Lair:6)
  6 two-headed ogres
  A death knight (D:14)
  5 centaur warriors
  2 satyrs
  2 tengu warriors (D:15)
  3 orc high priests (Orc:2)
  14 death yaks
  A deep troll shaman (Lair:6)
  2 wretched stars (Abyss:3)
  The ghost of robertstho the Slasher, a novice DrBe of Trog (D:8)
  A sixfirhy (Abyss:3)
  A shadow wraith (Abyss:3)
  The ghost of jejorda2 the Spear-Bearer, a novice MfBe of Trog (D:7)
  2 sea snakes
  4 orc knights
  A wizard (D:13)
  A necromancer (Lair:3)
  A deep elf zephyrmancer (D:13)
  4 oklob plants
  A deep elf pyromancer (D:14)
  4 harpies (Shoals:1)
  9 manticores
  2 orc sorcerers (Orc:2)
  3 ugly things
  6 fauns
  7 cyclopes
  A moth of wrath (D:7)
  3 merfolk sirens
  A guardian serpent (Lair:4)
  8 elephants
  5 black mambas
  2 water nymphs
  16 cane toads
  An ice statue (IceCv)
  A smoke demon (Abyss:3)
  A gargoyle (D:12)
  A torpor snail (Lair:5)
  11 komodo dragons
  7 rime drakes
  A freezing wraith (D:15)
  2 ice devils (D:12)
  2 ancient zymes (Abyss:3)
  10 merfolk
  3 meliai (D:15)
  9 trolls
  A wind drake (Shoals:2)
  2 hornets
  A hornet (shapeshifter) (D:13)
  9 polar bears
  2 large abominations (Abyss:3)
  22 slime creatures
  18 blink frogs
  4 snapping turtles
  7 dream sheep
  A raiju (Abyss:3)
  A spriggan (shapeshifter) (D:15)
  49 yaks
  A shadow (D:11)
  3 small abominations (Abyss:3)
  A vampire (D:12)
  6 wyverns
  6 basilisks
  9 vampire mosquitoes
  Menkaure (D:7)
  A chaos spawn (Abyss:3)
  2 neqoxecs (Abyss:3)
  Edmund (D:4)
  6 wargs
  2 acid dragons
  19 water moccasins
  Duvessa (D:5)
  2 sky beasts
  4 ice beasts
  32 orc warriors
  4 black bears
  8 ogres
  3 boggarts (D:14)
  11 centaurs
  3 phantoms
  25 wolves
  3 elf zombies (Ossuary)
  13 bullfrogs
  2 kobold brigands
  A gnoll sergeant (D:12)
  2 scorpions
  A wyvern skeleton (D:7)
  Dowan (D:5)
  7 killer bees
  5 howler monkeys
  2 jellies
  A bullfrog zombie (D:6)
  3 centaur zombies
  A crimson imp (D:10)
  A human zombie (Ossuary)
  A wyvern simulacrum (D:8)
  11 orc priests
  An iron imp (D:5)
  A bullfrog skeleton (D:6)
  3 iguanas
  20 orc wizards
  7 hell rats (Lair:4)
  2 polar bear simulacra (Lair:3)
  3 yak simulacra (Lair:3)
  A wolf simulacrum (Lair:3)
  2 centaur simulacra
  2 hound zombies
  4 mummies (Ossuary)
  2 howler monkey zombies
  5 gnolls
  7 adders
  A shadow imp (D:6)
  6 white imps
  A howler monkey simulacrum (D:8)
  An ufetubus (D:5)
  An adder skeleton (D:4)
  4 worms
  2 dart slugs
  53 orcs
  4 ball pythons
  7 bats
  10 endoplasms
  2 giant cockroaches (D:1)
  2 gnoll zombies (Ossuary)
  13 goblins
  10 hobgoblins
  13 jackals
  5 quokkas
  4 frilled lizards
  A goblin skeleton (D:5)
  A goblin zombie (D:5)
  4 hobgoblin zombies
  2 jackal zombies (Ossuary)
  37 kobolds
  A kobold zombie (D:5)
  2 orc skeletons (D:5)
  3 orc zombies (D:5)
  4 rats
  A rat zombie (Ossuary)
  5 river rat simulacra (Lair:3)
796 creatures vanquished.

Vanquished Creatures (others)
  A black mamba (Lair:2)
  A centaur (D:15)
  54 fungi
  105 plants
  8 starspawn tentacles (Abyss:3)
169 creatures vanquished.

Grand Total: 965 creatures vanquished

Notes
Turn   | Place    | Note
-------+----------+-------------------------------------------
     0 | D:1      | Spaninq the Draconian Transmuter began the quest for the
                  | Orb.
     0 | D:1      | Reached XP level 1. HP: 16/16 MP: 3/3
   134 | D:1      | Reached XP level 2. HP: 23/23 MP: 3/5
   140 | D:1      | Learned a level 2 spell: Wereblood
   487 | D:1      | Reached XP level 3. HP: 25/29 MP: 4/6
  1047 | D:2      | Found a faded altar of an unknown god.
  1320 | D:2      | Found a radiant altar of Vehumet.
  1491 | D:2      | Reached XP level 4. HP: 29/36 MP: 4/7
  2383 | D:3      | Found a hide-covered altar of Uskayaw.
  2751 | D:3      | Reached XP level 5. HP: 42/42 MP: 3/8
  3209 | D:4      | Found a stormy altar of Qazlal.
  3234 | D:4      | Identified a scroll of acquirement
  3234 | D:4      | Acquired a book of Transfigurations
  3438 | D:4      | Found a sand-covered staircase.
  3442 | Ossuary  | Entered an ossuary
  3473 | Ossuary  | Reached skill level 5 in Unarmed Combat
  3682 | Ossuary  | Reached XP level 6. HP: 17/51 MP: 9/9
  4276 | D:4      | Your scales start taking on a pale cyan-grey colour.
  4276 | D:4      | Reached XP level 7. HP: 20/59 MP: 7/10
  4276 | D:4      | Gained mutation: You are immune to the effects of steam.
                  | [Pale Draconian growth]
  4591 | D:4      | Noticed Edmund
  4647 | D:4      | Killed Edmund
  4867 | D:4      | Found an ornate altar of the Wu Jian Council.
  5508 | D:5      | Entered Level 5 of the Dungeon
  5573 | D:5      | Found a glowing golden altar of the Shining One.
  5681 | D:5      | Noticed Dowan
  5682 | D:5      | Noticed Duvessa
  5701 | D:5      | Killed Dowan
  5702 | D:5      | Reached XP level 8. HP: 63/67 MP: 9/12
  5768 | D:5      | Noticed a moth of wrath
  5771 | D:5      | Found a bloodstained altar of Trog.
  5924 | D:5      | Reached skill level 5 in Fighting
  5987 | D:5      | Reached skill level 5 in Transmutations
  6114 | D:5      | Found a sparkling altar of Nemelex Xobeh.
  6293 | D:5      | Killed Duvessa
  6294 | D:5      | Reached skill level 5 in Dodging
  6854 | D:6      | Reached XP level 9. HP: 75/75 MP: 12/14
  6928 | D:6      | Learned a level 3 spell: Spider Form
  6938 | D:6      | Reached skill level 1 in Shields
  7026 | D:6      | Identified the +1 robe "Darch" {-Cast +Blink Str+3 Stlth+}
  7883 | D:7      | Found a flagged portal.
  7899 | D:7      | Learned a level 5 spell: Blade Hands
  7900 | Bailey   | Entered a bailey
  7907 | Bailey   | Noticed an orc knight
  8338 | Bailey   | Killed an orc knight
  8777 | D:7      | Reached XP level 10. HP: 84/84 MP: 16/16
  8898 | D:7      | Noticed Menkaure
  8901 | D:7      | Killed Menkaure
  9081 | D:7      | Found a staircase to the Ecumenical Temple.
  9090 | Temple   | Entered the Ecumenical Temple
  9319 | Temple   | Became a worshipper of Sif Muna the Loreminder
  9452 | D:7      | Noticed jejorda2's ghost (novice MfBe)
  9453 | D:7      | Noticed a moth of wrath
  9540 | D:7      | Found a transporter.
  9626 | D:7      | Found a transporter.
  9960 | D:8      | Found a runed translucent gate.
  9960 | D:8      | Found a runed translucent gate.
  9960 | D:8      | Found a runed translucent gate.
  9986 | D:8      | Noticed robertstho's ghost (novice DrBe)
 10122 | D:8      | Learned a level 5 spell: Irradiate
 10130 | D:8      | Found a basalt altar of Yredelemnul.
 10219 | D:8      | Reached skill level 5 in Spellcasting
 10219 | D:8      | Reached skill level 1 in Conjurations
 11281 | D:9      | Found an iron altar of Okawaru.
 11305 | D:9      | Found a sacrificial altar of Ru.
 11497 | D:9      | Reached * piety under Sif Muna
 11549 | D:9      | Found Vofom's Distillery.
 11556 | D:9      | Bought a potion of heal wounds for 65 gold pieces
 11556 | D:9      | Bought a potion of heal wounds for 65 gold pieces
 11556 | D:9      | Bought a potion of heal wounds for 65 gold pieces
 11556 | D:9      | Bought a potion of haste for 130 gold pieces
 11556 | D:9      | Bought a potion of might for 52 gold pieces
 11556 | D:9      | Bought a potion of curing for 39 gold pieces
 11556 | D:9      | Bought a potion of might for 52 gold pieces
 11556 | D:9      | Bought a potion of curing for 39 gold pieces
 11556 | D:9      | Bought a potion of heal wounds for 65 gold pieces
 11563 | D:9      | Noticed a two-headed ogre
 11596 | D:9      | Killed a two-headed ogre
 11699 | D:9      | Found a staircase to the Lair.
 11701 | D:9      | Noticed an elephant
 11725 | D:9      | Killed an elephant
 11726 | D:9      | Reached XP level 11. HP: 78/92 MP: 19/19
 12138 | Lair:1   | Entered Level 1 of the Lair of Beasts
 12138 | Lair:1   | Noticed a six-headed hydra
 12153 | D:9      | Killed a three-headed hydra
 12308 | Lair:1   | Noticed an eight-headed hydra
 12602 | Lair:1   | Killed a one-headed hydra
 12914 | Lair:1   | Reached skill level 5 in Conjurations
 13126 | Lair:1   | Noticed a seven-headed hydra
 13126 | Lair:1   | Noticed a catoblepas
 13333 | Lair:1   | Reached ** piety under Sif Muna
 13583 | Lair:1   | Killed a one-headed hydra
 14264 | Lair:2   | Reached XP level 12. HP: 103/103 MP: 21/21
 14438 | Lair:3   | Reached skill level 10 in Transmutations
 14657 | Lair:3   | Noticed an eight-headed hydra
 14830 | Lair:3   | Killed a five-headed hydra
 15078 | Lair:3   | Noticed a six-headed hydra
 15192 | Lair:3   | Killed a one-headed hydra
 15416 | Lair:3   | Reached skill level 10 in Unarmed Combat
 15696 | Lair:3   | Reached *** piety under Sif Muna
 16665 | Lair:4   | Noticed a death yak
 16676 | Lair:4   | Noticed a death yak
 16680 | Lair:4   | Killed a death yak
 16710 | Lair:4   | Killed a death yak
 16714 | Lair:4   | Noticed a death yak
 16718 | Lair:4   | Killed a death yak
 16719 | Lair:4   | Reached XP level 13. HP: 74/111 MP: 24/24
 16877 | Lair:4   | Found a staircase to the Shoals.
 16883 | Lair:4   | Found a staircase to the Snake Pit.
 17518 | Lair:5   | Reached **** piety under Sif Muna
 17827 | Lair:5   | Noticed Nessos
 17961 | Lair:5   | Found a staircase to the Slime Pits.
 18109 | Lair:5   | Reached skill level 10 in Fighting
 18835 | D:10     | Entered Level 10 of the Dungeon
 18865 | D:10     | Found Maenk's Book Emporium.
 18999 | D:10     | Learned a level 7 spell: Dragon Form
 18999 | D:10     | Found Fubataoc's Distillery.
 19273 | D:10     | Found Voesoics's Armour Shoppe.
 19719 | D:10     | Found Efobront's Distillery.
 19724 | D:10     | Bought a potion of heal wounds for 50 gold pieces
 19724 | D:10     | Bought a potion of curing for 30 gold pieces
 19821 | D:10     | Found Huen's General Store.
 20213 | D:11     | Reached ***** piety under Sif Muna
 20236 | D:11     | Received a gift from Sif Muna
 20345 | D:11     | Found Reukhleto's Armour Boutique.
 20626 | D:11     | Identified the +2 ring mail of a ziggurat {Regen+}
 20899 | D:12     | Found Sywajip's Weapon Emporium.
 21152 | D:11     | Reached XP level 14. HP: 75/122 MP: 26/26
 21173 | D:12     | Found a staircase to the Orcish Mines.
 21296 | D:12     | Found a frozen archway.
 21312 | IceCv    | Entered an ice cave
 21611 | IceCv    | Received a gift from Sif Muna
 21612 | IceCv    | Got Sif Muna's Grimoire of Darkness {god gift}
 21735 | IceCv    | Noticed a frost giant
 21765 | IceCv    | Killed a frost giant
 21871 | IceCv    | Found the +2 Maxwell's thermic engine {flame, freeze}
 22512 | D:13     | Found a gate to the Vaults.
 22528 | D:13     | Cast into level 3 of the Abyss (a wizard)
 22645 | Abyss:3  | Noticed a tentacled starspawn
 22659 | Abyss:3  | Killed a tentacled starspawn
 22660 | Abyss:3  | Gained mutation: You are occasionally teleported next to
                  | monsters. [mutagenic glow]
 22743 | Abyss:3  | Noticed a tentacled starspawn
 22743 | Abyss:3  | Noticed a tentacled starspawn
 22744 | Abyss:3  | Gained mutation: You do not regenerate when monsters are
                  | visible. [a neqoxec]
 22751 | Abyss:3  | Killed a tentacled starspawn
 22815 | Abyss:3  | Found a corrupted altar of Lugonu.
 22858 | Abyss:3  | Lost mutation: You do not regenerate when monsters are
                  | visible. [potion of mutation]
 22858 | Abyss:3  | Gained mutation: Your spells are a little easier to cast,
                  | but a little less powerful. [potion of mutation]
 22899 | Abyss:3  | Lost mutation: Your spells are a little easier to cast, but
                  | a little less powerful. [potion of mutation]
 22899 | Abyss:3  | Lost mutation: You are occasionally teleported next to
                  | monsters. [potion of mutation]
 22899 | Abyss:3  | Gained mutation: You tend to lose your temper in combat.
                  | [potion of mutation]
 22899 | Abyss:3  | Gained mutation: You passively dampen the noise of your
                  | surroundings. [potion of mutation]
 22924 | Abyss:3  | Gained mutation: You do not regenerate when monsters are
                  | visible. [a neqoxec]
 22938 | D:13     | Escaped the Abyss
 22997 | D:13     | Noticed Kirke
 23150 | D:13     | Killed Kirke
 23365 | D:13     | Found a portal to a secret trove of treasure.
 23456 | D:13     | Reached XP level 15. HP: 119/130 MP: 28/28
 23773 | Orc:1    | Entered Level 1 of the Orcish Mines
 23860 | Orc:2    | Entered Level 2 of the Orcish Mines
 24098 | D:8      | Killed robertstho's ghost
 24110 | D:8      | Lost mutation: You tend to lose your temper in combat.
                  | [potion of mutation]
 24110 | D:8      | Gained mutation: Your spells are a little easier to cast,
                  | but a little less powerful. [potion of mutation]
 24110 | D:8      | Gained mutation: Your mind is acute. (Int +2) [potion of
                  | mutation]
 24250 | D:7      | Killed jejorda2's ghost
 24448 | D:12     | Received a gift from Sif Muna
 24452 | D:12     | Got Sif Muna's Grimoire of the Snowflakes {god gift}
 24515 | Orc:2    | Found Loguyca's Antique Weapon Shoppe.
 24517 | Orc:2    | Noticed an orc warlord
 24522 | Orc:2    | Reached skill level 10 in Dodging
 24525 | Orc:2    | Killed an orc warlord
 24610 | Orc:2    | Noticed Rupert
 24620 | Orc:2    | Killed Rupert
 24859 | Orc:1    | HP: 7/198 [orc (3)]
 25470 | Orc:2    | Found a staircase to the Elven Halls.
 25483 | Orc:2    | Noticed Snorg
 25493 | Orc:2    | Killed Snorg
 25615 | Orc:2    | Found Fuigif's General Store.
 25624 | Orc:2    | Received a gift from Sif Muna
 25628 | Orc:2    | Got Sif Muna's Compendium of Poison and Cold {god gift}
 25789 | Orc:2    | Found Mausath's Antique Armour Shoppe.
 25806 | Orc:2    | Found Norinut's Jewellery Boutique.
 25837 | Orc:2    | Bought the ring "Hily" {rPois Str+6 Int-2 Dex+6 SInv} for
                  | 1399 gold pieces
 26260 | D:14     | You are sucked into a shaft and drop 1 floor!
 26260 | D:15     | Entered Level 15 of the Dungeon
 26796 | D:15     | Found a runed translucent door.
 26797 | D:15     | Noticed a fire giant
 26805 | D:15     | Killed a fire giant
 26892 | D:15     | Reached skill level 10 in Spellcasting
 27001 | D:15     | Gained mutation: Your magical capacity is low. (-10% MP)
                  | [mutagenic glow]
 28422 | D:15     | Found a staircase to the Depths.
 28625 | D:15     | Learned a level 5 spell: Yara's Violent Unravelling
 28847 | Lair:5   | Killed Nessos
 28848 | Lair:5   | Reached XP level 16. HP: 140/140 MP: 20/27
 28877 | Lair:6   | Entered Level 6 of the Lair of Beasts
 29357 | Lair:6   | Received a gift from Sif Muna
 29358 | Lair:6   | Got Xehulu's Grimoire of Flying Unholy Rites {god gift}
 29397 | Lair:6   | Reached skill level 15 in Transmutations
 29490 | Lair:6   | Reached skill level 1 in Air Magic
 30337 | Shoals:1 | Entered Level 1 of the Shoals
 30971 | Shoals:2 | Reached skill level 15 in Unarmed Combat
 31381 | Shoals:3 | Noticed Bai Suzhen
 31389 | Shoals:3 | Killed Bai Suzhen
 31507 | Shoals:3 | Learned a level 7 spell: Storm Form
 31678 | Shoals:3 | Found Fotzof's Magic Scroll Shoppe.
 31728 | Shoals:3 | HP: 9/211 [merfolk/silver boomerang (14)]
 31728 | Shoals:3 | Hit by a silver boomerang thrown by a merfolk

Illustrated notes

Levels and vault maps discovered:
D:1:      heliophobic_arrival_henge, layout_rooms
D:2:      layout_loops_ring, shapermc_ecumenical_altar_hornbeckon, basic_altar,
          minmay_misc_feat_rugged, st_stairs_8, dk_vineyard_3
D:3:      layout_loops_ring, nicolae_uskayaw_suspiria, amcnicky_mini_pool_small,
          kennysheep_nub
D:4:      layout_basic, mainiacjoe_overflow_chevrons, nzn_wu_jian_council_hall,
          nicolae_ossuary_entry_plus, kennysheep_cross_room, uniq_edmund
D:5:      layout_gridville, nemelex_spade_bored_becter, tgw_trog,
          nicolae_tso_besieged_by_evil, kennysheep_generic_room_16, uniq_duvessa
D:6:      layout_loops_ring
D:7:      layout_cave_pods, minmay_temple_entry_glassed_door,
          gammafunk_ghost_berserking_beasts, enter_bailey_2, uniq_menkaure
D:8:      layout_loops_cross, old_standard_altar, gammafunk_ghost_icy,
          serial_aquarium, aquarium_bridge_square [aquarium_subvault_wall,
          aquarium_subvault_window, aquarium_subvault_bridge,
          aquarium_subvault_window], aquarium_window_1, aquarium_window_corner,
          aquarium_view_2c, aquarium_balcony_double_1
D:9:      layout_rooms, mainiacjoe_overflow_catwalk_spiral, david_lair_generic,
          serial_shops, shop_statue, chequers_mini_garden,
          chequers_serial_rivers_small_b, kennysheep_diamond
D:10:     layout_basic, serial_shops, nicolae_shop_statue_plus,
          kennysheep_little_box, nicolae_shop_statue_plus, shop,
          nicolae_shop_waterfront, st_stairs_9, minmay_fire_ice_demons
D:11:     layout_loops_ring, serial_shops, nicolae_shop_behind_doors,
          minmay_misc_feat_chi, minmay_tree_intersection
D:12:     layout_cross, minmay_orc_entry_guard_dogs, serial_shops, shop,
          portal_ice_cave_demonic_guard
D:13:     layout_roguey, david_vaults_1, nicolae_trove_entry_diagonal,
          uniq_kirke
D:14:     layout_loops_ring, serial_bayou_pond_b
D:15:     grunt_enter_depths_snipers, layout_loops_cross,
          chequers_serial_rivers_small_b, minivault_13
Temple:   nicolae_temple_figure_eight
Lair:1:   layout_small_grid, st_stairs_6, minmay_shattered_shrine,
          infiniplex_staircase_pool
Lair:2:   layout_concentric_octagons, lemuel_old_faithful
Lair:3:   layout_cave_pods, eino_house_with_fridge, grunt_megastairs_2
Lair:4:   layout_long_grid, shoals_dummy_entry, minmay_snake_entry_spellcaster,
          minmay_lair_oklob_bushes, beast_lair_carwin_5
Lair:5:   layout_small_grid, slime_dummy, serial_bayou_crossing,
          minmay_lair_oklob_chamber, lemuel_fruit_tree, uniq_nessos
Lair:6:   grunt_lair_end_beastmaster, layout_cave_pods, grunt_megastairs_1
Shoals:1: layout_shoals
Shoals:2: layout_shoals
Shoals:3: layout_shoals, serial_shops, nicolae_shop_behind_doors,
          uniq_bai_suzhen
Orc:1:    layout_caves
Orc:2:    grunt_orc_gardens, layout_diamond_mine, grunt_orc_garden,
          grunt_orc_garden, grunt_orc_garden, grunt_orc_garden, uniq_rupert,
          uniq_snorg

Skill      XL: |  1  2  3  4  5  6  7  8  9 10 11 12 13 14 15 16 |
---------------+-------------------------------------------------+-----
Dodging        | 2 3 4 5 6 7 8 9 10 11 | 11.1
Fighting       | 2 3 4 5 6 7 8 9 10 11 12 | 12.9
Unarmed Combat | 4 5 6 7 8 9 10 12 13 14 15 | 15.2
Transmutations | 3 5 7 8 9 11 12 13 14 15 | 15.5
Spellcasting   | 3 4 5 6 7 8 9 10 | 10.7
Shields        | 4 |  4.0
Conjurations   | 3 6 |  6.2
Air Magic      | 4 |  4.7

Action                   |  1- 3 |  4- 6 |  7- 9 | 10-12 | 13-15 | 16-18 || total
-------------------------+-------+-------+-------+-------+-------+-------++-------
Melee: Unarmed           |   148 |   218 |   126 |   294 |   617 |   164 ||  1567
       Kick              |    18 |    42 |    19 |    16 |       |       ||    95
       Tailslap          |    16 |    36 |    15 |    42 |    89 |    24 ||   222
       Headbutt          |    12 |    25 |    11 |     7 |       |       ||    55
       Punch             |     2 |     1 |     2 |     4 |    28 |    13 ||    50
       Hand axe          |       |       |       |    57 |    31 |       ||    88
       Bite              |       |       |       |       |    32 |    27 ||    59
 Cast: Beastly Appendage |    29 |    28 |    32 |    27 |       |       ||   116
       Wereblood         |     1 |     3 |       |       |       |     3 ||     7
       Spider Form       |       |       |     1 |     1 |       |       ||     2
       Blade Hands       |       |       |       |    34 |    53 |       ||    87
       Dragon Form       |       |       |       |       |    52 |    39 ||    91
Invok: Forget Spell      |       |       |       |       |     2 |       ||     2
 Abil: Breathe Steam     |       |       |    69 |   129 |   141 |    38 ||   377
       End Transformatio |       |       |       |     1 |       |       ||     1
  Use: Scroll            |       |    11 |     6 |    11 |     6 |     3 ||    37
       Potion            |       |       |     2 |     2 |    10 |     1 ||    15
 Stab: Sleeping          |       |     1 |       |       |     1 |     2 ||     4
       Petrified         |       |       |       |       |       |     2 ||     2
       Petrifying        |       |       |       |       |       |     1 ||     1
Armor: Skin              |    42 |    49 |    34 |   170 |   240 |    68 ||   603
Dodge: Dodged            |   100 |   119 |    71 |   321 |   350 |    74 ||  1035
       Repelled          |       |       |       |       |     8 |       ||     8
Block: Buckler           |       |       |     2 |    74 |    30 |       ||   106

Table legend: (Time is in decaauts)
 A = Elapsed time spent in this place.
 B = Non-inter-level travel time spent in this place.
 C = Inter-level travel time spent in this place.
 D = Time resting spent in this place.
 E = Time spent auto-exploring this place.
 F = Levels seen in this place.
 G = Mean time per level.
                   A        B        C        D        E       F      G
               +--------+--------+--------+--------+--------+-----+--------+
         Total |  31537 |  30018 |   1519 |   3134 |  17140 |  31 | 1017.3 |
       Dungeon |  17204 |  16204 |   1000 |   1907 |  10513 |  15 | 1146.9 |
        Temple |    254 |    205 |     49 |      0 |    202 |   1 |  254.0 |
          Lair |   8171 |   7792 |    379 |    725 |   4444 |   6 | 1361.8 |
        Shoals |   1364 |   1347 |     17 |    184 |    146 |   3 |  454.7 |
  Orcish Mines |   1621 |   1547 |     74 |     99 |   1004 |   2 |  810.5 |
         Abyss |    418 |    418 |      0 |      0 |      0 |   1 |  418.0 |
       Ossuary |    809 |    809 |      0 |     39 |    236 |   1 |  809.0 |
        Bailey |    846 |    846 |      0 |    104 |    296 |   1 |  846.0 |
      Ice Cave |    846 |    846 |      0 |     76 |    298 |   1 |  846.0 |
               +--------+--------+--------+--------+--------+-----+--------+

Top non-repeatable levels by time:
  Lair:1: 1590 daAuts
  Lair:3: 1557 daAuts
     D:8: 1491 daAuts
     D:4: 1478 daAuts
  Lair:5: 1463 daAuts
    D:15: 1435 daAuts
  Lair:4: 1431 daAuts
  Lair:6: 1402 daAuts
     D:5: 1315 daAuts
    D:10: 1261 daAuts
    D:14: 1161 daAuts
     D:7: 1117 daAuts
     D:2: 1103 daAuts
     D:3: 1097 daAuts
    D:11: 1067 daAuts
